 Dungeon Crawl Stone Soup version 0.30-a0-626-gd6a5dd7a1f (webtiles) character file.

Game seed: 18071913239604184719

1913 Citaku the Protected (level 8, 0/71 HPs)
             Began as a Minotaur Fighter on Jan 11, 2023.
             Was a Follower of Okawaru.
             Succumbed to a kobold's poison
             ... on level 6 of the Dungeon.
             The game lasted 00:07:10 (4945 turns).

Citaku the Protected (Minotaur Fighter)             Turns: 4945, Time: 00:07:11

Health: 0/71       AC: 14    Str: 20    XL:     8   Next: 95%
Magic:  2/2        EV:  6    Int:  5    God:    Okawaru [*.....]
Gold:   346        SH:  5    Dex: 13    Spells: 7/7 levels left

rFire   . . .      SeeInvis +    v - +7 short sword of the Pyrrhic Victory {antimagic, rElec SInv Stlth+}
rCold   + . .      Faith    .    c - +0 buckler
rNeg    . . .      Spirit   .    u - +0 plate armour
rPois   .          Reflect  .    (helmet restricted)
rElec   +          Harm     .    (no cloak)
rCorr   .          Rampage  .    (no gloves)
Will    .....                    (no boots) Stlth
                                 (no amulet)
HPRegen 0.31/turn                l - ring of protection from cold
MPRegen 0.08/turn                (no ring)

@: lethally poisoned (0 -> -4)
A: horns 2, retaliatory headbutt
a: Renounce Religion, Heroism


You were on level 6 of the Dungeon.
You worshipped Okawaru.
Okawaru was aware of your devotion.
You visited 1 branch of the dungeon, and saw 6 of its levels.

You collected 346 gold pieces.

Inventory:

Hand Weapons
 v - the +7 short sword of the Pyrrhic Victory (weapon) {antimagic, rElec SInv Stlth+}
   (You took it off a kobold on level 4 of the Dungeon)

   rElec:     It insulates you from electricity.
   SInv:      It lets you see invisible.
   Stlth:     It makes you more stealthy.
Missiles
 t - a throwing net (quivered)
Armour
 c - a +0 buckler (worn)
 u - a +0 plate armour (worn)
Jewellery
 a - an amulet of faith
 l - a ring of protection from cold (left hand)
Wands
 s - a wand of paralysis (3)
Scrolls
 b - a scroll of immolation {unknown}
 e - a scroll of poison {unknown}
 h - 5 scrolls of identify {unknown}
 j - 2 scrolls of blinking {unknown}
 n - 2 scrolls of noise {unknown}
 p - 2 scrolls of teleportation {unknown}
 r - 2 scrolls of vulnerability {unknown}
 w - 2 scrolls of enchant armour {unknown}
Potions
 d - 2 potions of curing
 f - a potion of invisibility {unknown}
 g - 3 potions of brilliance {unknown}
 i - 2 potions of lignification {unknown}
 k - 2 potions of heal wounds {unknown}
 m - 2 potions of mutation {unknown}
 o - 2 potions of degeneration {unknown}
 q - a potion of ambrosia {unknown}


   Skills:
 + Level 6.7 Fighting
 * Level 8.4 Axes
 * Level 8.8 Armour
 + Level 6.7 Shields


You had 7 spell levels left.
You didn't know any spells.
Your spell library contained the following spells:

 Spells                   Type           Power      Damage    Failure   Level
 Apportation              Tloc           0%         N/A       100%        1
 Necrotise                Necr           0%         1d4       100%        1
 Shock                    Conj/Air       0%         1d3       100%        1
 Swiftness                Air            0%         N/A       100%        3
 Airstrike                Air            0%         2d(0-16)  100%        4
 Passage of Golubria      Tloc           0%         N/A       100%        4
 Silence                  Hex/Air        0%         N/A       100%        5
 Lehudib's Crystal Spear  Conj/Erth      0%         10d2      100%        8
 Summon Small Mammal      Summ           Unusable   N/A       N/A         1

Dungeon Overview and Level Annotations

Branches:
Dungeon (6/15)
 Temple: D:4-7

Altars:
Ashenzari
Fedhas
Kikubaaqudgha
Okawaru
Zin


Innate Abilities, Weirdness & Mutations

You have a pair of horns on your head.
You reflexively headbutt those who attack you in melee.


Message History

An ogre comes into view. It is wielding a +0 giant club.
The ogre shouts!
You hit the ogre.
The ogre is lightly wounded.
The ogre hits you with a +0 giant club.
You puncture the ogre!
The ogre is heavily wounded.
The ogre hits you with a +0 giant club!!
You hear a shout! x2
You hit the ogre. Your headbutt misses the ogre.
The ogre is heavily wounded.
You hit the ogre.
The ogre is heavily wounded.
A kobold comes into view.
It is wielding a +0 whip and quivering poisoned darts.
The ogre hits you with a +0 giant club!
You hit the ogre.
The ogre is severely wounded.
A kobold comes into view. It is wielding a +0 dagger.
The ogre hits you with a +0 giant club!!
* * * LOW HITPOINT WARNING * * *
You puncture the ogre!
You kill the ogre!
Okawaru accepts your kill.
You can now gain great but temporary skills.
The kobold throws a poisoned dart.
The poisoned dart hits you!
You are lethally poisoned!
* * * LOW HITPOINT WARNING * * *
You feel sick. The kobold hits you with a +0 whip.
* * * LOW HITPOINT WARNING * * *
You block the kobold's attack.
You see here a +0 giant club.
You closely miss the kobold.
* * * LOW HITPOINT WARNING * * *
You feel sick. The kobold hits you but does no damage.
The kobold closely misses you.
You hit the kobold.
You kill the kobold!
* * * LOW HITPOINT WARNING * * *
You feel sick. The kobold hits you but does no damage.
You die...

######### #######
#.......
......#####.#.#.#####
..###............>...
#.# #######.#.#.####
..# #.....# ..#
######.#####
..######..........#
..#.).....)....)@.#
....####.####.##K.#
#.##.....# #.##..#
.....##### #.##..#
#.##.# #...... #.##.#
...#.... #.##.#
##.....#. #.##.#
#.####.# .....#


You could see a kobold.

Vanquished Creatures
  Pikel (D:4)
  Grinder (D:4)
  A steam dragon (D:6)
  Menkaure (D:5)
  A water moccasin (D:6)
  An ogre (D:6)
  A centaur (D:6)
  4 scorpions
  A necrophage (D:4)
  A jelly (D:6)
  An orc priest (D:4)
  2 hounds (D:4)
  Jessica (D:2)
  2 iguanas (D:4)
  An orc wizard (D:4)
  12 gnolls (D:5)
  9 adders
  An ufetubus (D:4)
  2 worms (D:4)
  2 dart slugs
  7 orcs
  9 ball pythons
  5 endoplasms
  A giant cockroach (D:3)
  9 goblins
  9 hobgoblins
  3 quokkas
  9 bats
  3 frilled lizards
  14 kobolds
  9 rats
124 creatures vanquished.

Vanquished Creatures (others)
  21 plants (D:4)
21 creatures vanquished.

Grand Total: 145 creatures vanquished

Notes
Turn   | Place    | Note
-------+----------+-------------------------------------------
     0 | D:1      | Citaku the Minotaur Fighter began the quest for the Orb.
     0 | D:1      | Reached XP level 1. HP: 19/19 MP: 0/0
   121 | D:1      | Reached XP level 2. HP: 27/27 MP: 1/1
   520 | D:1      | Reached XP level 3. HP: 31/33 MP: 2/2
   716 | D:2      | Noticed Jessica
   727 | D:2      | Killed Jessica
   728 | D:2      | Reached XP level 4. HP: 21/40 MP: 3/3
  1333 | D:3      | Found a glowing silver altar of Zin.
  1620 | D:3      | Found a broken altar of Ashenzari.
  1850 | D:4      | Reached XP level 5. HP: 37/46 MP: 4/4
  1877 | D:4      | Reached skill level 5 in Armour
  2049 | D:4      | Reached XP level 6. HP: 47/53 MP: 5/5
  2101 | D:4      | Reached skill level 5 in Axes
  2509 | D:4      | Identified the +7 short sword of the Pyrrhic Victory
                  | {antimagic, rElec SInv Stlth+}
  2599 | D:4      | Noticed Grinder
  2618 | D:4      | Killed Grinder
  2619 | D:4      | Reached skill level 5 in Fighting
  2619 | D:4      | Reached skill level 5 in Shields
  2619 | D:4      | Reached XP level 7. HP: 55/61 MP: 2/6
  2688 | D:4      | Noticed Pikel
  2719 | D:4      | Killed Pikel
  2720 | D:4      | Reached XP level 8. HP: 6/70 MP: 2/7
  3493 | D:5      | Entered Level 5 of the Dungeon
  3587 | D:5      | Found an ancient bone altar of Kikubaaqudgha.
  3722 | D:5      | Found an iron altar of Okawaru.
  4100 | D:5      | Noticed Menkaure
  4115 | D:5      | Killed Menkaure
  4293 | D:5      | Found a blossoming altar of Fedhas.
  4477 | D:5      | Became a worshipper of Warmaster Okawaru
  4941 | D:6      | Reached * piety under Okawaru
  4942 | D:6      | HP: 3/71 [kobold/+0 whip (1)]
  4943 | D:6      | HP: 1/71 [poisoned by a kobold]
  4945 | D:6      | Succumbed to a kobold's poison

Illustrated notes

Levels and vault maps discovered:
D:1:      kennysheep_arrival_forest, layout_loops_ring
D:2:      layout_rooms, serial_rivers, chequers_serial_rivers_micro_e,
          chequers_serial_rivers_marsh, chequers_serial_rivers_micro_c,
          chequers_serial_rivers_micro_b, uniq_jessica
D:3:      layout_rooms, overflow_temple_1_default,
          mainiacjoe_overflow_concentric_impassable
D:4:      minmay_bubble_buster, layout_basic, serial_bayou_lagoon_a,
          st_stairs_5, uniq_pikel, uniq_grinder
D:5:      layout_basic, kiku_gazebo_pond_becter, fedhas_altar_2,
          okawaru_trees_2, uniq_menkaure
D:6:      layout_loops_ring, minitemple, minmay_temple_entry_mist

Skill      XL: |  1  2  3  4  5  6  7  8 |
---------------+-------------------------+-----
Axes           | 3 4 5 7 8 |  8.4
Armour         | 4 5 6 7 8 |  8.8
Fighting       | 4 5 6 |  6.7
Shields        | 4 5 6 |  6.7

Action                   |  1- 3 |  4- 6 |  7- 9 || total
-------------------------+-------+-------+-------++-------
Melee: War axe           |    46 |   114 |       ||   160
       Headbutt          |     5 |    23 |    27 ||    55
       Short sword       |       |    18 |   152 ||   170
  Use: Potion            |     1 |       |     1 ||     2
Armor: Scale mail        |    24 |    27 |       ||    51
       Plate armour      |       |    42 |    94 ||   136
Dodge: Dodged            |    31 |    63 |    60 ||   154
Block: Buckler           |    11 |    44 |    55 ||   110

Table legend: (Time is in decaauts)
 A = Elapsed time spent in this place.
 B = Non-inter-level travel time spent in this place.
 C = Inter-level travel time spent in this place.
 D = Time resting spent in this place.
 E = Time spent auto-exploring this place.
 F = Levels seen in this place.
 G = Mean time per level.
                   A        B        C        D        E       F      G
               +--------+--------+--------+--------+--------+-----+--------+
         Total |   5025 |   5025 |      0 |    368 |   3444 |   6 |  837.5 |
       Dungeon |   5025 |   5025 |      0 |    368 |   3444 |   6 |  837.5 |
               +--------+--------+--------+--------+--------+-----+--------+

Top non-repeatable levels by time:
     D:4: 1756 daAuts
     D:5: 1036 daAuts
     D:1: 682 daAuts
     D:2: 675 daAuts
     D:3: 454 daAuts
     D:6: 419 daAuts
